 Dungeon Crawl Stone Soup version 0.31.0-11-ge490571c62 (webtiles) character file.

Game seed: 11217879987327717

88151 hikkokomori the Thaumaturge (level 15, -3/92 HPs)
             Began as a Deep Elf Hedge Wizard on Feb 3, 2024.
             Was an Initiate of Gozag.
             Shot with an arrow by a centaur warrior (12 damage)
             ... on level 14 of the Dungeon.
             The game lasted 01:47:47 (26764 turns).

hikkokomori the Thaumaturge (DEHW)                 Turns: 26764, Time: 01:47:48

Health: -3/92      AC: 15    Str:  5    XL:     15   Next: 45%
Magic:  41/43      EV: 20    Int: 27    God:    Gozag
Gold:   1853       SH:  0    Dex: 18    Spells: 5/40 levels left

rFire   . . .        U - +3 hand cannon (heavy)
rCold   . . .        (no shield)
rNeg    + . .        V - +2 leather armour "Tosuen" {Str-4 Int+4 Stlth+}
rPois   .            v - +0 helmet
rElec   +            y - +2 cloak {Will+}
rCorr   .            z - +2 pair of gloves of a ziggurat {Str+6 Dex+2}
SInv    +            b - +2 pair of boots "Furacuz" {Fly Will+ Int-2}
Will    +++..        f - amulet of magic regeneration
Stlth   +++++        D - +5 ring of evasion
HPRegen 0.35/turn    c - ring "Xium" {rElec rN+ MP+9 Str-4 SInv}
MPRegen 0.68/turn

%: no passive effects
@: flying
A: no striking features
a: Renounce Religion, Potion Petition, Call Merchant, Bribe Branch


You were on level 14 of the Dungeon.
You worshipped Gozag.
Gozag was most pleased with you.
You visited 4 branches of the dungeon, and saw 22 of its levels.
You also visited: Gauntlet and Ice Cave.

You collected 7793 gold pieces.
You spent 3772 gold pieces at shops.
You paid 2168 gold pieces to Gozag.

Inventory:

Hand Weapons
 x - a +3 longbow of flaming
 G - a +4 hand cannon of flaming
 M - a +2 arbalest of draining
 N - the +8 orcbow of the Shifting Saviour {antimagic, Int+3}
   (You took it off a minotaur in a Gauntlet)

   Int+3:     It affects your intelligence (+3).
 U - a +3 heavy hand cannon (weapon)
Missiles
 A - a throwing net
Armour
 b - the +2 pair of boots "Furacuz" (worn) {Fly Will+ Int-2}
   (You bought it in a shop on level 2 of the Orcish Mines)

   Int-2:     It affects your intelligence (-2).
   Will+:     It increases your willpower.
   Fly:       It grants you flight.
 v - a +0 helmet (worn)
 w - a +0 buckler
 y - a +2 cloak of willpower (worn)
 z - the +2 pair of gloves of a ziggurat (worn) {Str+6 Dex+2}
   (You found it in a Gauntlet)

   Str+6:     It affects your strength (+6).
   Dex+2:     It affects your dexterity (+2).
 L - a +2 robe of fire resistance
 V - the +2 leather armour "Tosuen" (worn) {Str-4 Int+4 Stlth+}
   (You bought it in a shop on level 2 of the Orcish Mines)

   Str-4:     It affects your strength (-4).
   Int+4:     It affects your intelligence (+4).
   Stlth+:    It makes you more stealthy.
Magical Staves
 a - a staff of fire
Jewellery
 c - the ring "Xium" (right hand) {rElec rN+ MP+9 Str-4 SInv}
   (You bought it in a shop on level 2 of the Orcish Mines)

   [ring of magical power]

   Str-4:     It affects your strength (-4).
   rElec:     It insulates you from electricity.
   rN+:       It protects you from negative energy.
   MP+9:      It affects your magic capacity (+9).
   SInv:      It lets you see invisible.
 f - an amulet of magic regeneration (around neck)
 D - a +5 ring of evasion (left hand)
 P - the ring "Wopnoa Leusch" {Ice rElec rN+ Int+3}
   (You found it in an ice cave)

   [ring of ice]

   Ice:       It enhances your ice magic.
   Int+3:     It affects your intelligence (+3).
   rF-:       It makes you vulnerable to fire.
   rC+:       It protects you from cold.
   rElec:     It insulates you from electricity.
   rN+:       It protects you from negative energy.
Wands
 d - a wand of iceblast (4)
 k - a wand of mindburst (9)
 t - a wand of quicksilver (6)
 F - a wand of flame (35)
 R - a wand of polymorph (18)
 W - a wand of charming (10)
 Y - a wand of digging (7)
Scrolls
 e - a scroll of summoning
 g - 4 scrolls of amnesia
 j - 6 scrolls of identify
 n - 2 scrolls of blinking
 p - 3 scrolls of fog
 q - 4 scrolls of teleportation
 u - 2 scrolls of enchant armour
 C - 2 scrolls of revelation
 K - a scroll of poison
 T - 3 scrolls of vulnerability
 X - 3 scrolls of fear
 Z - 5 scrolls of enchant weapon
Potions
 h - 3 potions of heal wounds
 i - 5 potions of curing
 l - a potion of invisibility
 m - 2 potions of lignification
 o - 2 potions of brilliance
 r - 5 potions of haste
 s - a potion of resistance
 E - 2 potions of might
 H - a potion of cancellation
 I - 7 potions of mutation
 J - 4 potions of enlightenment
 O - 2 potions of ambrosia
Miscellaneous
 B - a condenser vane
 Q - a lightning rod (4/4)
 S - a phial of floods


   Skills:
 - Level 10.3 Fighting
 - Level 3.2 Staves
 + Level 12.3 Ranged Weapons
 + Level 2.9 Armour
 - Level 7.5 Dodging
 - Level 7.4 Stealth
 + Level 2.8 Shields
 + Level 13.4 Spellcasting
 - Level 9.5 Conjurations
 - Level 7.0 Hexes
 - Level 8.7 Summonings
 - Level 2.8 Necromancy
 - Level 1.1 Translocations
 - Level 11.7 Fire Magic
 - Level 3.2 Air Magic
 + Level 4.7 Alchemy
 - Level 8.1 Evocations


You had 5 spell levels left.
You knew the following spells:

 Your Spells              Type           Power      Damage    Failure   Level
a - Magic Dart            Conj           100%       1d8       1%          1
b - Mephitic Cloud        Conj/Alch/Air  49%        N/A       1%          3
c - Blink                 Tloc           48%        N/A       4%          2
d - Call Imp              Summ           100%       N/A       1%          2
e - Starburst             Conj/Fire      33%        6d10      10%         6
f - Volatile Blastmotes   Fire/Tloc      100%       2d18      1%          3
g - Fireball              Conj/Fire      33%        3d14      1%          5
h - Summon Mana Viper     Hex/Summ       57%        N/A       5%          5
i - Fugue of the Fallen   Necr           33%        N/A       4%          3
j - Yara's Violent Unrav  Hex/Alch       24%        3d11      12%         5

Your spell library contained the following spells:

 Spells                   Type           Power      Damage    Failure   Level
 Slow                     Hex            100%       N/A       1%          1
 Sting                    Conj/Alch      100%       1d9       1%          1
 Cigotuvi's Dreadful Rot  Necr/Alch/Air  74%        N/A       1%          2
 Mercury Vapours          Alch/Air       78%        N/A       1%          2
 Dazzling Flash           Conj/Hex       100%       N/A       1%          3
 Tukima's Dance           Hex            54%        N/A       1%          3
 Summon Ice Beast         Ice/Summ       41%        N/A       2%          3
 Olgreb's Toxic Radiance  Alch           43%        N/A       7%          4
 Ozocubu's Armour         Ice            18%        N/A       14%         3
 Alistair's Intoxication  Alch           28%        N/A       21%         5
 Manifold Assault         Tloc           24%        N/A       30%         4
 Passage of Golubria      Tloc           24%        N/A       30%         4
 Borgnjor's Vile Clutch   Necr/Erth      12%        N/A       58%         5
 Eringya's Noxious Bog    Alch           21%        4d6       73%         6
 Monstrous Menagerie      Summ           30%        N/A       75%         7
 Ignition                 Fire           34%        3d11      95%         8
 Maxwell's Capacitive Co  Air            17%        ∞         100%        8


Dungeon Overview and Level Annotations

Branches:
Dungeon (14/15)            Temple (1/1) D:6            Lair (5/5) D:9
  Swamp (0/4) Lair:2       Spider (0/4) Lair:2        Slime (0/5) Lair:4
    Orc (2/2) D:9             Elf (0/3) Orc:2        Vaults (0/5) D:14
  IceCv (visited)         Gauntlet (visited)

Altars:
Ashenzari
Cheibriados
Dithmenos
Elyvilon
Fedhas
Gozag
Hepliaklqana
Kikubaaqudgha
Makhleb
Nemelex Xobeh
Okawaru
Qazlal
Ru
Sif Muna
Trog
Uskayaw
Vehumet
Wu Jian
Xom
Yredelemnul
Zin
The Shining One
Jiyva
Lugonu

Shops:
D:5 !   D:6 (   D:7 (   D:9 [:   D:10 *   D:11 ?:   D:12 !   Orc:2 [*([
Lair:4 (

Portals:
Abyss: Lair:5

Annotations:
D:4 2 transporters, Bobbunny's ghost, amateur FoDe
D:6 Menkaure


Message History

The centaur warrior is heavily wounded.
The centaur warrior shoots an arrow.
The arrow hits you!
The centaur warrior shoots an arrow.
The arrow hits you!!
* * * LOW HITPOINT WARNING * * *
Unknown command.
Casting: Mephitic Cloud (safe; 1% risk of failure)
Confirm with . or Enter, or press ? or * to list all spells.
A mana viper appears with a sibilant hiss.
The centaur warrior shoots an arrow.
The arrow hits you.
* * * LOW HITPOINT WARNING * * *
The centaur warrior shoots an arrow.
The arrow closely misses you.
The centaur warrior shoots an arrow.
The arrow completely misses you.
You swap places.
The centaur warrior shoots an arrow.
The arrow misses your mana viper. The arrow hits you!
* * * LOW HITPOINT WARNING * * *
As you read the scroll of fog, it dissolves into smoke.
You hear a bow twang.
The arrow hits your mana viper!!
You hear a bow twang.
The arrow hits your mana viper!!
The centaur warrior shoots an arrow.
The arrow hits your mana viper!!
The centaur warrior unwields a +0 orcbow.
The centaur warrior barely misses your mana viper.
The centaur warrior kicks your mana viper but does no damage.
Your mana viper bites the centaur warrior!
The centaur warrior wields a +0 orcbow.
The centaur warrior shoots an arrow.
The arrow hits your mana viper!!
Your mana viper dies!
Your mana viper disappears in a puff of smoke!
Casting: Summon Mana Viper (dangerous; 5% risk of failure)
Confirm with . or Enter, or press ? or * to list all spells.
Aiming: Mephitic Cloud (safe; 1% risk of failure)
Press: ? - help, Shift-Dir - straight line, p - centaur warrior The ball explodes into a vile cloud!
The stinking cloud engulfs the centaur warrior.
The centaur warrior is moderately wounded.
The centaur warrior shoots an arrow.
The arrow hits you!
You die...
Your body crumbles into a pile of gold.

#######......................
.............................
.............................
##############<.#############
#..# #..# #..########
##################........).
.S.§§§§§§§§c§§..@...........
########§§##################
#§§# #..# #..# #..# #..# ####


You could see a centaur warrior.

Vanquished Creatures
  Kirke (Lair:3)
  2 azure jellies (IceCv)
  An ironbound preserver (D:14)
  An orc warlord (Orc:2)
  2 quicksilver oozes (IceCv)
  Nessos (D:13)
  A minotaur (Gauntlet)
  Erolcha (D:11)
  A rakshasa (D:14)
  A hydra (D:14)
  3 centaur warriors
  2 catoblepae
  3 boulder beetles
  A tengu warrior (Gauntlet)
  2 two-headed ogres
  An orc high priest (Orc:1)
  2 thrashing horrors (Lair:5)
  Sonja (D:11)
  4 skeletal warriors
  A skyshark (Lair:2)
  An orb spider (Lair:2)
  A glowing orange brain (D:14)
  An arcanist (D:13)
  Pikel (D:6)
  A wolf spider (Gauntlet)
  3 manticores
  3 cyclopes
  Maurice (D:11)
  2 large abominations (Lair:5)
  An orc sorcerer (Orc:1)
  A will-o-the-wisp (Lair:2)
  9 elephants
  11 kobold blastminers
  A molten gargoyle (Lair:4)
  5 black mambas
  2 smoke demons (Lair:5)
  An ice statue (IceCv)
  14 cane toads
  A gargoyle (Gauntlet)
  An unseen horror (D:12)
  A rime drake (Lair:5)
  5 komodo dragons
  A tengu conjurer (Gauntlet)
  A queen bee (Gauntlet)
  2 polar bears (Lair:4)
  3 trolls
  A raiju (Lair:5)
  11 dream sheep (Lair:5)
  28 blink frogs
  Prince Ribbit (D:7)
  15 slime creatures
  4 shadows
  5 wyverns
  A spriggan (Lair:5)
  2 wraiths
  66 yaks
  3 ynoxinuls (Lair:5)
  A vampire (D:12)
  7 basilisks
  6 wargs
  2 hogs (Lair:3)
  2 vampire mosquitoes (D:10)
  2 redbacks (Gauntlet)
  2 acid dragons (D:10)
  3 chaos spawn (Lair:5)
  3 steam dragons
  2 great orb of eyes simulacra (IceCv)
  6 water moccasins
  29 orc warriors
  An ice beast (D:6)
  10 small abominations (Lair:5)
  11 wolves
  5 ogres (Orc:2)
  4 centaurs
  A phantom (D:4)
  3 slime creature simulacra (IceCv)
  9 bullfrogs
  2 scorpions
  2 glowing shapeshifter simulacra (IceCv)
  3 gnoll sergeants
  5 killer bees
  6 howler monkeys
  A bullfrog zombie (D:6)
  A centaur zombie (D:6)
  2 bombardier beetles
  5 lava snakes (Lair:4)
  6 jellies
  5 hounds
  22 orc priests
  3 iguanas
  Terence (D:2)
  A sleepcap (D:8)
  22 orc wizards
  7 hell rats (Lair:2)
  A shapeshifter simulacrum (IceCv)
  Robin (D:2)
  12 gnolls
  11 adders
  A shadow imp (D:7)
  15 white imps
  3 ribbon worms
  A dart slug (D:5)
  88 orcs
  5 bats
  7 endoplasms
  A giant cockroach (D:4)
  13 goblins
  7 hobgoblins
  4 jackals (D:2)
  9 kobolds
  5 quokkas
  4 ball pythons
  A frilled lizard (D:3)
  4 rats
639 creatures vanquished.

Vanquished Creatures (collateral kills)
  A hydra (Lair:3)
  A thrashing horror (Lair:5)
  A skyshark (Lair:5)
  A skeletal warrior (D:13)
  A death drake (Gauntlet)
  2 ugly things (Lair:5)
  A cyclops (D:13)
  A manticore (D:9)
  A moth of wrath (Gauntlet)
  2 centaur zombies (Gauntlet)
  A molten gargoyle (Lair:4)
  2 komodo dragons (Lair:5)
  A redback zombie (Gauntlet)
  Psyche (D:8)
  A blink frog (Lair:5)
  2 dream sheep (Lair:5)
  2 slime creatures (D:13)
  A wraith (D:13)
  A yak (Lair:5)
  A black bear (D:5)
  A small abomination (Lair:5)
  A wyvern zombie (D:6)
  A centaur skeleton (D:6)
  A ribbon worm (D:6)
29 creatures vanquished.

Vanquished Creatures (others)
  A human (Lair:3)
  A bullfrog (Lair:3)
  A killer bee (D:9)
  2 foxfires (Lair:2)
5 creatures vanquished.

Grand Total: 673 creatures vanquished

Notes
Turn   | Place    | Note
-------+----------+-------------------------------------------
     0 | D:1      | hikkokomori the Deep Elf Hedge Wizard began the quest for
                  | the Orb.
     0 | D:1      | Reached XP level 1. HP: 10/10 MP: 7/7
   466 | D:1      | Reached XP level 2. HP: 14/16 MP: 2/9
   902 | D:1      | Found a faded altar of an unknown god.
  1027 | D:2      | Noticed Robin
  1040 | D:2      | Killed Robin
  1041 | D:2      | Reached skill level 1 in Fighting
  1151 | D:2      | Reached XP level 3. HP: 20/20 MP: 9/11
  1178 | D:2      | Reached skill level 5 in Spellcasting
  1237 | D:2      | Learned a level 3 spell: Mephitic Cloud
  1240 | D:2      | Learned a level 2 spell: Blink
  1243 | D:2      | Learned a level 2 spell: Call Imp
  1473 | D:2      | Noticed Terence
  1542 | D:2      | Killed Terence
  1543 | D:2      | Reached XP level 4. HP: 26/26 MP: 13/13
  1604 | D:2      | Noticed Sigmund
  1612 | D:2      | Sigmund changed into Sigmund the hound
  1612 | D:2      | Noticed Sigmund
  1624 | D:2      | Killed Sigmund the hound
  1752 | D:2      | Reached XP level 5. HP: 28/30 MP: 9/15
  1918 | D:2      | Found a white marble altar of Elyvilon.
  1986 | D:3      | Found a white marble altar of Elyvilon.
  2339 | D:3      | Reached skill level 6 in Spellcasting
  2860 | D:2      | Reached skill level 1 in Alchemy
  3022 | D:4      | Noticed a phantom
  3051 | D:4      | Killed a phantom
  3052 | D:4      | Reached skill level 1 in Air Magic
  3052 | D:4      | Reached XP level 6. HP: 13/36 MP: 17/17
  3345 | D:4      | Found a transporter.
  3522 | D:4      | Found a transporter.
  3525 | D:4      | Noticed Bobbunny's ghost (amateur FoDe)
  3618 | D:4      | Found a shimmering blue altar of Sif Muna.
  4062 | D:5      | Entered Level 5 of the Dungeon
  4277 | D:5      | Reached XP level 7. HP: 41/41 MP: 16/19
  4412 | D:5      | Found Wyikoy's Distillery.
  4428 | D:5      | Reached skill level 7 in Spellcasting
  4558 | D:5      | Found a burning altar of Makhleb.
  4782 | D:5      | Bought a potion of cancellation for 120 gold pieces
  4782 | D:5      | Bought a potion of enlightenment for 75 gold pieces
  5132 | D:5      | Learned a level 6 spell: Starburst
  5392 | D:6      | Reached XP level 8. HP: 10/20 MP: 21/21
  5445 | D:6      | Reached skill level 1 in Fire Magic
  5485 | D:6      | Found a snail-covered altar of Cheibriados.
  5528 | D:6      | Noticed Pikel
  5538 | D:6      | Killed Pikel
  5539 | D:6      | Reached skill level 8 in Spellcasting
  5693 | D:6      | Found a staircase to the Ecumenical Temple.
  5714 | D:6      | Found Vuesm's Antique Weapon Shoppe.
  5795 | D:6      | Reached skill level 1 in Evocations
  5917 | D:6      | Reached skill level 5 in Conjurations
  5926 | D:6      | Found a hazy altar of Hepliaklqana.
  6033 | D:6      | Noticed Menkaure
  6132 | Temple   | Entered the Ecumenical Temple
  6176 | Temple   | Became a worshipper of Gozag Ym Sagoz the Greedy
  6420 | D:7      | Noticed Prince Ribbit
  6433 | D:7      | Killed Prince Ribbit
  6434 | D:7      | Reached skill level 9 in Spellcasting
  6434 | D:7      | Reached XP level 9. HP: 53/53 MP: 21/24
  6494 | D:7      | Found an iron altar of Okawaru.
  6672 | D:7      | Found an ornate altar of the Wu Jian Council.
  6683 | D:7      | Reached skill level 5 in Fighting
  6928 | D:7      | Found Vifynt's Antique Weapon Emporium.
  7197 | D:8      | Learned a level 3 spell: Volatile Blastmotes
  7427 | D:8      | Found a shadowy altar of Dithmenos.
  7428 | D:8      | Found a broken altar of Ashenzari.
  7813 | D:8      | Noticed Psyche
  7854 | D:8      | Reached skill level 5 in Fire Magic
  7865 | D:8      | Killed Psyche
  7866 | D:8      | Reached skill level 10 in Spellcasting
  8026 | D:8      | Found a sparkling altar of Nemelex Xobeh.
  8329 | D:9      | Found a staircase to the Lair.
  8357 | D:9      | Noticed a manticore
  8372 | D:9      | Killed a manticore
  8373 | D:9      | Reached XP level 10. HP: 44/60 MP: 22/26
  8435 | D:9      | Found Niaczy's Armour Emporium.
  8435 | D:9      | Found a staircase to the Orcish Mines.
  8441 | D:9      | Bought a +1 cloak of willpower for 198 gold pieces
  8568 | D:9      | Noticed a two-headed ogre
  8591 | D:9      | Killed a two-headed ogre
  8592 | D:9      | Reached skill level 1 in Staves
  8830 | D:9      | Reached skill level 5 in Evocations
  8866 | D:9      | Found a hide-covered altar of Uskayaw.
  8944 | D:9      | Found Oxifruu's Book Shoppe.
  8944 | D:9      | Noticed a walking crystal tome
  8946 | D:9      | Noticed a walking divine tome
  8953 | D:9      | Bought the Textbook on Distorted Calefaction for 504 gold
                  | pieces
  8991 | D:9      | Learned a level 5 spell: Fireball
  9434 | D:10     | Entered Level 10 of the Dungeon
 10002 | D:10     | Found Plog's Fire Supplies.
 10016 | D:10     | Bought a +2 robe of fire resistance for 265 gold pieces
 10145 | D:10     | Found a glowing silver altar of Zin.
 10508 | Lair:1   | Entered Level 1 of the Lair of Beasts
 10589 | Lair:1   | Noticed a boulder beetle
 10609 | Lair:1   | Killed a boulder beetle
 10653 | Lair:1   | Noticed a cane toad
 10666 | Lair:1   | Killed a cane toad
 10667 | Lair:1   | Reached XP level 11. HP: 56/66 MP: 15/27
 10730 | Lair:1   | Found a frozen archway.
 10830 | IceCv    | Entered an ice cave
 10849 | IceCv    | Reached skill level 1 in Ranged Weapons
 11255 | IceCv    | Noticed a quicksilver ooze
 11263 | IceCv    | Killed a quicksilver ooze
 11395 | IceCv    | Noticed a quicksilver ooze
 11399 | IceCv    | Killed a quicksilver ooze
 11561 | IceCv    | Found a viscous altar of Jiyva.
 11561 | IceCv    | Noticed an azure jelly
 11563 | IceCv    | Noticed an azure jelly
 11564 | IceCv    | Killed an azure jelly
 11569 | IceCv    | Killed an azure jelly
 11638 | IceCv    | Got the ring "Paum Boe" {Ice *Slow rN+++ Str+2 Dex+2}
 11640 | IceCv    | Got the ring "Wopnoa Leusch" {Ice rElec rN+ Int+3}
 12267 | Lair:1   | Reached skill level 5 in Ranged Weapons
 12275 | Lair:1   | Reached skill level 5 in Stealth
 12491 | Lair:1   | Reached XP level 12. HP: 73/73 MP: 18/28
 12685 | D:9      | Bought a book of Beasts for 504 gold pieces
 12696 | D:9      | Learned a level 5 spell: Summon Mana Viper
 12726 | Orc:1    | Entered Level 1 of the Orcish Mines
 12984 | Orc:1    | Reached skill level 1 in Hexes
 13441 | Orc:1    | Noticed an orc high priest
 13447 | Orc:1    | Killed an orc high priest
 13739 | Orc:2    | Entered Level 2 of the Orcish Mines
 13775 | Orc:2    | Found a staircase to the Elven Halls.
 14362 | Orc:2    | Noticed an orc warlord
 14386 | Orc:2    | Killed an orc warlord
 14617 | Orc:2    | Found Raoxal's Antique Armour Emporium.
 14619 | Orc:2    | Found Amos's Antique Weapon Shoppe.
 14626 | Orc:2    | Bought a fine leather armour for 133 gold pieces
 14626 | Orc:2    | Identified the +2 leather armour "Tosuen" {Str-4 Int+4
                  | Stlth+} (You bought it in a shop on level 2 of the Orcish
                  | Mines)
 14987 | Orc:2    | Found Nadgha's General Store.
 14992 | Orc:2    | Bought a scroll of revelation for 105 gold pieces
 15086 | Orc:2    | Found Honidyll's Armour Shop.
 15332 | Orc:2    | Bought the +2 pair of boots "Furacuz" {Fly Will+ Int-2} for
                  | 300 gold pieces
 15384 | Orc:2    | Bought the ring "Xium" {rElec rN+ MP+9 Str-4 SInv} for 476
                  | gold pieces
 15496 | D:9      | Bought a +0 pair of gloves for 54 gold pieces
 15619 | Lair:1   | Reached XP level 13. HP: 60/79 MP: 29/29
 15667 | Lair:1   | Reached skill level 5 in Hexes
 16502 | Lair:2   | Reached skill level 11 in Spellcasting
 16630 | Lair:2   | Found a hole to the Spider Nest.
 16722 | Lair:2   | Reached skill level 5 in Summonings
 16849 | Lair:2   | Found a staircase to the Swamp.
 16879 | Lair:2   | You are sucked into a shaft and drop 2 floors!
 16888 | Lair:4   | Reached skill level 10 in Fire Magic
 17148 | Lair:4   | Bought a runed hand cannon for 195 gold pieces
 17350 | Lair:3   | Reached skill level 5 in Dodging
 17375 | Lair:3   | Noticed Kirke
 17388 | Lair:3   | Killed Kirke
 17540 | Lair:3   | Learned a level 3 spell: Fugue of the Fallen
 17712 | Lair:3   | Learned a level 5 spell: Yara's Violent Unravelling
 18635 | Lair:4   | Found a viscous altar of Jiyva.
 18653 | Lair:4   | Found a staircase to the Slime Pits.
 19113 | Lair:5   | Entered Level 5 of the Lair of Beasts
 19220 | Lair:5   | Reached XP level 14. HP: 61/86 MP: 11/31
 19221 | Lair:5   | Reached skill level 12 in Spellcasting
 19731 | Lair:5   | Reached skill level 10 in Ranged Weapons
 21674 | Lair:5   | Found a corrupted altar of Lugonu.
 21675 | Lair:5   | Found a one-way gate to the infinite horrors of the Abyss.
 22384 | D:11     | Reached skill level 13 in Spellcasting
 22398 | D:11     | Bought a scroll of blinking for 75 gold pieces
 22398 | D:11     | Bought a scroll of identify for 20 gold pieces
 22398 | D:11     | Bought a scroll of blinking for 75 gold pieces
 22398 | D:11     | Bought a scroll of enchant armour for 75 gold pieces
 22398 | D:11     | Bought a scroll of identify for 20 gold pieces
 22480 | D:11     | Found Vogacen's Book Shop.
 22481 | D:11     | Noticed Erolcha
 22489 | D:11     | Killed Erolcha
 22490 | D:11     | Reached skill level 10 in Fighting
 22549 | D:11     | Found a gate leading to a gauntlet.
 22585 | Gauntlet | Entered a Gauntlet
 22585 | Gauntlet | Found a transporter.
 22593 | Gauntlet | Found a transporter.
 22597 | Gauntlet | Found a transporter.
 22605 | Gauntlet | Found a transporter.
 22609 | Gauntlet | Found a transporter.
 22620 | Gauntlet | Found a transporter.
 22621 | Gauntlet | Found a transporter.
 22629 | Gauntlet | Found a transporter.
 22633 | Gauntlet | Found a transporter.
 22641 | Gauntlet | Found a transporter.
 22672 | Gauntlet | Found a transporter.
 22684 | Gauntlet | Found a transporter.
 22696 | Gauntlet | Found a transporter.
 22708 | Gauntlet | Found a transporter.
 23185 | Gauntlet | Identified the +2 pair of gloves of a ziggurat {Str+6
                  | Dex+2}
 23328 | Gauntlet | Identified the +8 orcbow of the Shifting Saviour
                  | {antimagic, Int+3}
 23998 | D:11     | Noticed Maurice
 24006 | D:11     | Killed Maurice
 24007 | D:11     | Reached XP level 15. HP: 92/92 MP: 29/34
 24204 | D:11     | Noticed Sonja
 24206 | D:11     | Killed Sonja
 24306 | D:12     | Reached skill level 1 in Armour
 24310 | D:12     | Reached skill level 1 in Shields
 24671 | D:12     | Found a corrupted altar of Lugonu.
 24978 | D:12     | Bought a potion of haste for 170 gold pieces
 24978 | D:12     | Bought a potion of mutation for 136 gold pieces
 24978 | D:12     | Bought a potion of curing for 51 gold pieces
 24978 | D:12     | Bought a potion of ambrosia for 136 gold pieces
 24978 | D:12     | Bought a potion of enlightenment for 85 gold pieces
 25024 | D:13     | Noticed Nessos
 25538 | D:13     | Killed Nessos
 25708 | D:13     | Identified a scroll of acquirement
 25709 | D:13     | Acquired Great Wizards, Vol. II
 25806 | D:13     | Reached skill level 1 in Necromancy
 26608 | D:14     | Found a gate to the Vaults.
 26751 | D:14     | HP: 4/92 [centaur warrior/arrow (14)]
 26764 | D:14     | Shot with an arrow by a centaur warrior

Illustrated notes

Levels and vault maps discovered:
D:1:      evilmike_arrival_fibonacci_small, layout_basic,
          nicolae_ecumenical_lake_church, palyth_stone_intersect
D:2:      layout_loops_cross, basic_altar, uniq_robin, uniq_sigmund,
          uniq_terence
D:3:      layout_loops_ring, elyvilon_altar_5
D:4:      layout_basic, marbit_many_paths, gammafunk_ghost_stat_death
D:5:      layout_cave_pools, mainiacjoe_overflow_alcove_4, serial_shops, shop,
          water_maze_lemuel
D:6:      layout_cave_pools, slow_altar_1, mainiacjoe_overflow_24_doors,
          minmay_temple_entry_antechambers, serial_undead, serial_undead_d,
          serial_undead_c, serial_undead_e, serial_undead_c, serial_shops,
          nicolae_shop_dealshenge, uniq_pikel, uniq_menkaure
D:7:      layout_basic, mainiacjoe_overflow_cross_hatched,
          kennysheep_okawaru_gauntlet, serial_shops, kennysheep_little_box,
          kb_lookout_dungeons_type, uniq_prince_ribbit1
D:8:      layout_gridville, nemelex_spade_bored_becter,
          mainiacjoe_overflow_divided_tiny, special_room [special_room_orc],
          corexii_corridor_pit, hangedman_decor_peaks_small,
          minmay_strange_pillars, minivault_25, uniq_psyche
D:9:      layout_irregular_city, amcnicky_altar_gilded, lair_entry_dummy,
          orc_david_3, serial_shops, nicolae_shop_mannequins
D:10:     layout_loops_ring, kennysheep_mini, dreamdust_wishing_well,
          nicolae_shop_fire_sale [nicolae_sub_dead_trees]
D:11:     layout_roguey, serial_shops, nicolae_shop_tiny_statue_garden,
          gauntlet_entry_generic, uniq_sonja, uniq_erolcha, uniq_maurice
D:12:     layout_long_grid, tgw_lugonu_bribe
D:13:     layout_big_octagon, serial_column_ruins,
          column_ruins_columns_straight, column_ruins_open_small,
          column_ruins_corridor_dead_end, column_ruins_open_tiny, uniq_nessos
D:14:     layout_long_grid, hellmonk_vaults_order_and_chaos, ebering_ghost_xom
Temple:   eino_wide_crystal_templ
Lair:1:   layout_roguey, portal_ice_cave_entry_imps, serial_bayou_shore_b,
          lemuel_fruit_fields, grunt_megastairs_1
Lair:2:   layout_gridlike, minmay_swamp_entry_wisps,
          nicolae_spider_entry_orb_guardian
Lair:3:   layout_roguey, uniq_kirke
Lair:4:   cheibrodos_magma_flow, layout_cave_shapes,
          nicolae_slime_entry_field_trip, lemuel_old_faithful,
          lemuel_fruit_tree, grunt_megastairs_3
Lair:5:   hellmonk_lair_end_abyssal_woods, layout_gridlike
Orc:1:    layout_diamond_mine, nooodl_orcs_dogs
Orc:2:    grunt_orc_community_town_hall, layout_caves,
          grunt_orc_community_big_house_2, grunt_orc_community_big_house_2,
          grunt_orc_community_house_2, grunt_orc_community_house_2,
          grunt_orc_community_house_2, grunt_orc_community_house_1

Skill      XL: |  1  2  3  4  5  6  7  8  9 10 11 12 13 14 15 |
---------------+----------------------------------------------+-----
Fighting       | 1 2 3 4 5 6 7 8 9 10 | 10.3
Conjurations   | 2 3 5 6 8 9 |  9.5
Spellcasting   | 5 6 7 9 10 11 13 | 13.4
Alchemy        | 1 2 3 4 |  4.7
Air Magic      | 1 2 3 |  3.2
Fire Magic     | 3 5 6 8 9 10 11 | 11.7
Evocations     | 2 4 6 8 |  8.1
Staves         | 3 |  3.2
Stealth        | 4 5 7 |  7.4
Ranged Weapons | 5 7 9 11 12 | 12.3
Hexes          | 4 7 |  7.0
Summonings     | 4 6 8 |  8.7
Dodging        | 5 7 |  7.5
Armour         | 2 |  2.9
Shields        | 2 |  2.8
Necromancy     | 2 |  2.8
Translocations | |  1.1

Action                     |  1- 3 |  4- 6 |  7- 9 | 10-12 | 13-15 || total
---------------------------+-------+-------+-------+-------+-------++-------
  Melee: Dagger            |    11 |       |       |       |       ||    11
         Quarterstaff      |    19 |    47 |   188 |    94 |       ||   348
         Unarmed           |     5 |       |       |       |       ||     5
         Falchion          |       |    22 |       |       |       ||    22
   Fire: Arbalest          |       |       |       |   252 |   494 ||   746
         Hand cannon       |       |       |       |       |   143 ||   143
   Cast: Magic Dart        |    82 |   150 |   196 |    15 |       ||   443
         Mephitic Cloud    |     1 |     2 |    37 |    27 |    17 ||    84
         Call Imp          |     1 |     1 |    13 |    10 |     1 ||    26
         Volatile Blastmot |       |       |     1 |     5 |       ||     6
         Blink             |       |       |     1 |       |     3 ||     4
         Fireball          |       |       |       |   137 |   124 ||   261
         Starburst         |       |       |       |    10 |    44 ||    54
         Summon Mana Viper |       |       |       |     1 |    24 ||    25
         Fugue of the Fall |       |       |       |       |     2 ||     2
 Invoke: Call Merchant     |       |       |       |       |     3 ||     3
  Evoke: Wand              |       |     3 |    13 |    10 |     3 ||    29
         Condenser vane    |       |       |       |     1 |     1 ||     2
    Use: Potion            |       |     2 |     2 |     2 |     4 ||    10
         Scroll            |       |       |    17 |     6 |    10 ||    33
   Stab: Confused          |       |     1 |    10 |    12 |       ||    23
         Sleeping          |       |     2 |     1 |       |       ||     3
         Distracted        |       |       |     3 |       |       ||     3
 Armour: Robe              |    13 |    43 |    79 |   122 |   205 ||   462
         Skin              |     2 |       |       |       |       ||     2
         Leather armour    |       |       |       |       |    75 ||    75
  Dodge: Dodged            |    31 |    58 |   141 |   149 |   404 ||   783
